 Dungeon Crawl Stone Soup version 0.31.0 (webtiles) character file.

Game seed: 7022130792685323102

34 qw the Shooter (level 3, -1/22 HPs)
             Began as a Gargoyle Hunter on Jan 19, 2024.
             Slain by a goblin
             ... wielding a +0 club
             ... led by Robin
              (6 damage)
             ... on level 2 of the Dungeon.
             The game lasted 00:00:03 (721 turns).

qw the Shooter (Gargoyle Hunter)                     Turns: 721, Time: 00:00:03

Health: -1/22      AC:  6    Str: 14    XL:     3   Next: 31%
Magic:  3/3        EV: 11    Int:  9    God:
Gold:   97         SH:  0    Dex: 15    Spells: 2/2 levels left

rFire   + . .        a - +0 shortbow
rCold   . . .        (shield currently unavailable)
rNeg    + . .        c - +0 leather armour
rPois   inf          (no helmet)
rElec   +            (no cloak)
rCorr   .            (no gloves)
SInv    .            (no boots)
Will    .....        (no amulet)
Stlth   ++           h - ring of protection from fire
HPRegen 0.23/turn    (no ring)
MPRegen 0.08/turn

%: no passive effects
@: no status effects
A: sickness immunity, AC +3, negative energy resistance 1, electricity
resistance, torment resistance 1, petrification resistance
a: no special abilities


You were on level 2 of the Dungeon.
You visited 1 branch of the dungeon, and saw 2 of its levels.

You collected 97 gold pieces.


Innate Abilities, Weirdness & Mutations

You are immune to sickness and miasma.
Your stone body is resilient. (AC +3)
You are immune to poison.
You resist negative energy. (rN+)
You are resistant to electric shocks. (rElec)
You are resistant to unholy torment.
You are immune to petrification.


   Skills:
 + Level 2.4 Fighting
 - Level 5.0 Ranged Weapons
 - Level 1.5 Dodging
 - Level 1.1 Stealth


You had 2 spell levels left.
You didn't know any spells.
Your spell library was empty.

Inventory:

Hand Weapons
 a - a +0 shortbow (weapon)
Armour
 c - a +0 leather armour (worn)
Jewellery
 h - a ring of protection from fire (left hand)
Scrolls
 b - a scroll of blinking {unknown}
 e - a scroll of identify {unknown}
 j - a scroll of teleportation {unknown}
 k - a scroll of vulnerability {unknown}
Potions
 d - a potion of might
 f - a potion of lignification {unknown}
 g - 2 potions of enlightenment
 i - a potion of mutation {unknown}

Dungeon Overview and Level Annotations

Branches:
Dungeon (2/15)

Altars:

Annotations:
D:2 Robin


Message History

You shoot an arrow. The arrow closely misses the adder.
The adder bites you but does no damage. Robin throws the goblin at you!
A hobgoblin comes into view.
The goblin hits you with a +0 dagger. The goblin barely misses you.
A goblin comes into view. It is wielding a +0 dagger.
The goblin hits you with a +0 club. The adder barely misses you.
You shoot an arrow. The arrow hits the adder.
The adder is almost dead.
The goblin misses you.
A goblin comes into view. It is wielding a +0 dagger.
The goblin hits you but does no damage. x3
The adder bites you but does no damage.
You shoot an arrow. The arrow misses the adder.
The adder bites you. The goblin closely misses you.
The goblin barely misses you. The goblin hits you but does no damage.
The goblin closely misses you.
A hobgoblin comes into view.
The adder closely misses you.
You shoot an arrow. The arrow misses the adder.
The goblin closely misses you. The goblin hits you but does no damage.
The goblin hits you with a +0 dagger. The goblin hits you but does no damage.
The adder bites you but does no damage. The goblin hits you with a +0 club.
The goblin barely misses you. The goblin misses you.
The goblin completely misses you.
You shoot an arrow. The arrow misses the adder.
The adder closely misses you. The goblin closely misses you.
The goblin hits you but does no damage. The adder bites you but does no damage.
The goblin barely misses you. The goblin closely misses you.
You shoot an arrow. The arrow closely misses the adder.
The arrow hits the goblin!
You kill the goblin!
The adder bites you but does no damage.
The goblin hits you but does no damage. x2
The goblin barely misses you. The goblin misses you.
You shoot an arrow. The arrow closely misses the adder.
The adder closely misses you. The goblin hits you but does no damage.
The goblin closely misses you. The goblin hits you with a +0 dagger.
The goblin hits you with a +0 club. The adder closely misses you.
You shoot an arrow. The arrow misses the adder.
The goblin hits you with a +0 club.
You die...

......)..#..........+
.........#..........#
.........#..........#
.........#..........#
.........#####.#'####
#+#........ ...#.#
.....###########.#
.....#.. ......#g#
.....#.# .....gg@#
#+#..#.#
.....gSggg..#
#.#.<#.#
#....)ggg...#
#.##%#.#
#......g....#
#......#
#...........#
......##
#.)....(....# ......#
#...........# ......#
#..........?# ##+####


You could see Robin, an adder, 2 hobgoblins and 8 goblins.

Vanquished Creatures
  A dart slug (D:2)
  2 ribbon worms (D:2)
  An endoplasm (D:1)
  6 goblins
  A hobgoblin (D:2)
  4 jackals (D:2)
  A quokka (D:1)
  3 ball pythons
  A frilled lizard (D:1)
  3 kobolds
  3 rats
26 creatures vanquished.

Notes
Turn   | Place    | Note
-------+----------+-------------------------------------------
     0 | D:1      | qw the Gargoyle Hunter began the quest for the Orb.
     0 | D:1      | Reached XP level 1. HP: 12/12 MP: 1/1
     0 | D:1      | 0 ||| qw: Version: 0.3-a-132-g3d54051
     0 | D:1      | 0 ||| qw: Game counter: 136
     0 | D:1      | 0 ||| qw: Melee chars always use a shield: true
     0 | D:1      | 0 ||| qw: God list: Okawaru
     0 | D:1      | 0 ||| qw: Allow faded altars: false
     0 | D:1      | 0 ||| qw: Do Orc after clearing Dungeon:15 true
     0 | D:1      | 0 ||| qw: Do second Lair branch before Depths: true
     0 | D:1      | 0 ||| qw: Lair rune preference: random
     0 | D:1      | 0 ||| qw: Goals: Normal
     0 | D:1      | 0 ||| PLANNING D:1-11
   161 | D:1      | Reached XP level 2. HP: 17/17 MP: 2/2
   387 | D:1      | 387 ||| UPGRADING to ring of protection from fire.
   388 | D:1      | 388 ||| READING 2 scrolls labelled OGROFI BAOMIM.
   389 | D:1      | 389 ||| READING scroll labelled IROLEM XYARHYI.
   390 | D:1      | 390 ||| DRINKING 2 pink potions.
   391 | D:1      | 391 ||| DRINKING 3 viscous green potions.
   392 | D:1      | 392 ||| DROPPING scroll of butterflies.
   393 | D:1      | 393 ||| DROPPING scroll of amnesia.
   435 | D:2      | 435 ||| FLEEEEING.
   436 | D:2      | 436 ||| FLEEEEING.
   437 | D:2      | 437 ||| FLEEEEING.
   439 | D:2      | 439 ||| STAIRDANCE
   541 | D:2      | Reached XP level 3. HP: 21/21 MP: 3/3
   545 | D:2      | Reached skill level 5 in Ranged Weapons
   710 | D:2      | Noticed Robin
   720 | D:2      | HP: 5/22 [goblin/+0 club[Robin] (1)]
   721 | D:2      | Slain by a goblin

Levels and vault maps discovered:
D:1:      minmay_arrival_checkered_box, layout_basic
D:2:      layout_basic, shapermc_ecumenical_altar_hornbeckon, serial_rivers,
          chequers_serial_rivers_large_b, chequers_serial_rivers_micro_d,
          chequers_serial_rivers_marsh, chequers_serial_rivers_room_b,
          uniq_robin

Skill      XL: |  1  2  3 |
---------------+----------+-----
Ranged Weapons | 5 |  5.0
Fighting       | |  2.4
Dodging        | |  1.5
Stealth        | |  1.1

Action                     || total
---------------------------++-------
   Fire: Shortbow          ||    83
    Use: Scroll            ||     2
         Potion            ||     2
 Armour: Leather armour    ||    40
  Dodge: Dodged            ||    37

Table legend:
 A = Non-vault XP
 B = Vault XP
 C = Vault XP percentage of total XP
 D = Non-vault monster count
 E = Vault monster count
 F = Vault count percentage of total count
                 A         B        C        D         E       F
            +---------+---------+-------+---------+---------+-------
      Total |      45 |       4 |   8.2 |      24 |       2 |   7.7
            +---------+---------+-------+---------+---------+-------
        D:1 |      15 |       0 |   0.0 |      10 |       0 |   0.0
        D:2 |      30 |       4 |  11.8 |      14 |       2 |  12.5
            +---------+---------+-------+---------+---------+-------
